 Dungeon Crawl Stone Soup version 0.24.0-29-g8ce449bc06 (webtiles) character file.

Game seed: 15303753624147334209, levelgen mode: deterministic

15272 Flugslaktarn the Cleaver (level 11, 0/99 HPs)
             Began as a Minotaur Fighter on Nov 14, 2019.
             Was an Elder of Uskayaw.
             Slain by a spiny frog (4 damage)
             ... summoned by a boggart
             ... on level 3 of the Lair of Beasts.
             The game lasted 00:06:12 (12262 turns).

Flugslaktarn the Cleaver (Minotaur Fighter)        Turns: 12262, Time: 00:06:13

Health: 0/99       AC: 17    Str: 24    XL:     11   Next: 99%
Magic:  15/15      EV:  6    Int:  5    God:    Uskayaw [****..]
Gold:   621        SH: 15    Dex: 10    Spells: 10/10 levels left

rFire    . . .     SeeInvis .   a - +1 war axe
rCold    . . .     Gourm    .   c - +0 shield
rNeg     . . .     Faith    .   y - +0 plate armour
rPois    .         Spirit   .   (helmet restricted)
rElec    .         Reflect  +   (no cloak)
rCorr    .         Harm     .   k - +0 pair of gloves
MR       .....                  m - +0 pair of boots
Stlth    ..........             p - +3 amulet of reflection
HPRegen  0.26/turn              (no ring)
MPRegen  0.14/turn              (no ring)

@: very slightly contaminated
A: retaliatory headbutt, horns 2
a: Stomp, Line Pass, Renounce Religion


You were on level 3 of the Lair of Beasts.
You worshipped Uskayaw.
Uskayaw was noncommittal.
You were not hungry.

You visited 2 branches of the dungeon, and saw 11 of its levels.

You collected 621 gold pieces.

Inventory:

Hand Weapons
 a - a +1 war axe (weapon)
 F - a +3 hand axe
   (You took it off a wight on level 7 of the Dungeon)
Missiles
 E - a throwing net (quivered)
Armour
 b - a +0 scale mail
 c - a +0 shield (worn)
 k - a +0 pair of gloves (worn)
   (You found it on level 2 of the Lair of Beasts)
 m - a +0 pair of boots (worn)
   (You found it on level 2 of the Dungeon)
 y - a +0 plate armour (worn)
   (You found it on level 5 of the Dungeon)
 C - +0 fire dragon scales
   (You found it on level 6 of the Dungeon)
Jewellery
 i - an uncursed amulet of regeneration
   (You found it on level 1 of the Dungeon)
 p - a +3 amulet of reflection (around neck)
   (You found it on level 4 of the Dungeon)
 H - a +1 ring of protection {unknown}
   (You found it on level 3 of the Lair of Beasts)
Wands
 o - a wand of clouds (5)
   (You found it on level 2 of the Lair of Beasts)
 A - a wand of enslavement (12)
   (You found it on level 5 of the Dungeon)
Scrolls
 f - a scroll of fear
 g - 11 scrolls of remove curse
 l - a scroll of brand weapon {unknown}
 r - 5 scrolls of identify
 t - 4 scrolls of teleportation
 z - a scroll of blinking
 G - 5 scrolls of immolation
Potions
 d - a potion of might
 h - 2 potions of haste
 j - a potion of invisibility {unknown}
 n - 3 potions of flight
 q - 3 potions of curing
 s - a potion of agility
 u - a potion of lignification
 v - a potion of mutation {unknown}
 w - 2 potions of heal wounds
 x - a potion of experience {unknown}
 B - a potion of brilliance {unknown}
Comestibles
 e - 21 rations


   Skills:
 + Level 9.9 Fighting
 * Level 13.1 Axes
 + Level 10.0 Armour
 + Level 10.0 Shields
 + Level 7.4 Invocations
 + Level 4.5 Evocations


You had 10 spell levels left.
You didn't know any spells.
Your spell library was empty.

Dungeon Overview and Level Annotations

Branches:
Dungeon (8/15)             Temple (0/1) D:7            Lair (3/6) D:8
  Snake (0/4) Lair:3
  Swamp: Lair:2-4    Shoals: Lair:2-4

Altars:
Cheibriados
Dithmenos
Gozag
Hepliaklqana
Makhleb
Qazlal
Ru
Trog
Uskayaw
Wu Jian
Xom
Zin
The Shining One

Annotations:
D:4 1 runed translucent door, coffeespoons's ghost, amateur OpWz


Innate Abilities, Weirdness & Mutations

You reflexively headbutt those who attack you in melee.
You have a pair of horns on your head.


Message History

You kill the porcupine!
The porcupine's corpse dissolves into shadows!
The spiny frog barely misses you.
The blink frog hits you but does no damage.
Something completely misses you.
Unknown command.
You closely miss something. You hit the komodo dragon.
You hit the spiny frog but do no damage.
You miss the blink frog. You block the spiny frog's attack.
You block the blink frog's attack.
The komodo dragon bites you but does no damage.
You hear some strange, mumbled words.
Uskayaw links your audience in an emotional bond!
Unknown command.
Your plate armour prevents you from hitting something.
You slash the komodo dragon! You closely miss the spiny frog.
You closely miss the blink frog.
The blink frog hits you but does no damage.
The spiny frog stings you.
You die...

♣♣♣♣♣♣
####.........(##
♣♣....♣♣♣
###........#
♣..♣♣♣..♣♣♣
##.......# ...♣
♣♣♣..♣♣♣
##......# ..♣♣
♣♣♣..♣♣ ##.....#
..♣♣♣♣ ♣♣♣.♣♣
#.....## .....♣♣
♣♣)♣♣♣♣ ♣
#...)..##
.♣♣♣♣.♣♣
♣♣)♣♣F♣H♣
#.....#.# ♣♣
♣♣.♣ ♣...F@.♣
#.....### ♣♣.♣
♣♣♣.l..)♣
#.....# ♣♣..♣
♣..)..♣ #.....#
♣.♣♣♣ ♣♣!..♣♣
#.....## ♣♣♣.♣♣
♣♣♣♣♣ #......#
♣♣....♣♣♣
#.....##
♣..♣♣...♣
#.(...#
♣♣)♣♣♣♣.♣♣♣♣
#.....# ♣♣.♣♣
♣♣...♣♣♣♣
#.....#


You could see a komodo dragon, a hippogriff, a spiny frog and a blink frog.

Vanquished Creatures
  2 hydras
  Joseph (D:7)
  3 black mambas
  2 spiny frogs (Lair:3)
  A torpor snail (Lair:3)
  A komodo dragon (Lair:2)
  3 hornets (Lair:3)
  4 hippogriffs
  13 spriggans
  A wyvern (Lair:3)
  3 basilisks
  11 yaks
  Menkaure (D:6)
  9 water moccasins
  10 porcupines
  2 sky beasts (D:8)
  A phantom (D:4)
  3 centaurs
  2 boggarts (Lair:3)
  4 ogres
  6 wolves (Lair:1)
  6 crocodiles
  5 bullfrogs
  3 wights (D:7)
  2 electric eels (Lair:1)
  2 crimson imps
  2 hounds
  4 orc priests
  A bullfrog skeleton (D:6)
  Natasha (thrice) (D:4)
  9 orc wizards
  7 worker ants
  A hound skeleton (D:6)
  A howler monkey zombie (D:7)
  2 worker ant zombies
  10 adders
  4 gnolls (D:6)
  2 shadow imps
  2 oozes (D:3)
  4 adder skeletons
  3 worms
  2 dart slugs
  A leopard gecko (D:8)
  38 orcs
  A ball python (D:3)
  4 giant cockroaches
  6 hobgoblins
  17 jackals
  5 quokkas
  5 bats
  4 frilled lizards
  6 goblins
  6 kobolds
  A leopard gecko skeleton (D:4)
  A quokka zombie (D:3)
  11 rats
  A fungus (Lair:3)
265 creatures vanquished.

Vanquished Creatures (others)
  2 fungi (Lair:2)
  A plant (Lair:2)
3 creatures vanquished.

Grand Total: 268 creatures vanquished

Notes
Turn   | Place    | Note
-------+----------+-------------------------------------------
     0 | D:1      | Flugslaktarn the Minotaur Fighter began the quest for the
                  | Orb.
     0 | D:1      | Reached XP level 1. HP: 19/19 MP: 0/0
   492 | D:1      | Reached XP level 2. HP: 21/27 MP: 1/1
   857 | D:2      | Reached skill level 3 in Axes
  1063 | D:2      | Reached XP level 3. HP: 32/33 MP: 2/2
  1742 | D:2      | Found a hide-covered altar of Uskayaw.
  1742 | D:2      | Found a sacrificial altar of Ru.
  1806 | D:2      | Became a worshipper of Uskayaw the Reveler
  1847 | D:3      | Reached * piety under Uskayaw
  1855 | D:3      | Reached ** piety under Uskayaw
  1859 | D:3      | Reached XP level 4. HP: 22/40 MP: 3/3
  1988 | D:3      | Reached skill level 4 in Axes
  1990 | D:3      | Reached *** piety under Uskayaw
  2104 | D:3      | Noticed a centaur
  2111 | D:3      | Killed a centaur
  2111 | D:3      | Reached skill level 1 in Invocations
  2111 | D:3      | Reached XP level 5. HP: 23/47 MP: 4/4
  2115 | D:3      | Reached **** piety under Uskayaw
  2376 | D:3      | Reached skill level 5 in Axes
  2376 | D:3      | Reached XP level 6. HP: 55/55 MP: 6/6
  2459 | D:3      | Noticed a moth of wrath
  2462 | D:3      | Found a bloodstained altar of Trog.
  2532 | D:3      | Found a glowing golden altar of the Shining One.
  2553 | D:3      | Found a snail-covered altar of Cheibriados.
  2795 | D:3      | Found an opulent altar of Gozag.
  2795 | D:3      | Found a glowing silver altar of Zin.
  2892 | D:4      | Reached skill level 5 in Fighting
  2892 | D:4      | Reached skill level 5 in Armour
  2892 | D:4      | Reached skill level 5 in Shields
  3367 | D:4      | Found a shadowy altar of Dithmenos.
  3379 | D:4      | Reached XP level 7. HP: 57/61 MP: 7/7
  3388 | D:4      | Reached skill level 6 in Axes
  3560 | D:4      | Noticed Natasha
  3564 | D:4      | Killed Natasha
  3615 | D:4      | Found a runed translucent door.
  3621 | D:4      | Noticed coffeespoons's ghost (amateur OpWz)
  3628 | D:4      | Noticed Natasha
  3639 | D:4      | Killed Natasha
  3839 | D:4      | Noticed Natasha
  3850 | D:4      | Killed Natasha
  3922 | D:5      | Entered Level 5 of the Dungeon
  4447 | D:5      | Reached skill level 7 in Axes
  4645 | D:5      | Reached XP level 8. HP: 70/70 MP: 9/9
  5566 | D:6      | Found a burning altar of Makhleb.
  5581 | D:6      | Noticed Menkaure
  5587 | D:6      | Killed Menkaure
  5587 | D:6      | Reached skill level 8 in Axes
  5890 | D:7      | Found a shimmering altar of Xom.
  6232 | D:7      | Found a stormy altar of Qazlal.
  6241 | D:7      | Noticed Joseph
  6255 | D:7      | Killed Joseph
  6255 | D:7      | Reached skill level 9 in Axes
  6255 | D:7      | Reached XP level 9. HP: 55/78 MP: 11/11
  6677 | D:7      | Found a staircase to the Ecumenical Temple.
  6739 | D:7      | Found an ornate altar of the Wu Jian Council.
  6835 | D:8      | Found a hazy altar of Hepliaklqana.
  7080 | D:8      | Found a staircase to the Lair.
  7367 | Lair:1   | Entered Level 1 of the Lair of Beasts
  7504 | Lair:1   | Reached skill level 10 in Axes
  7504 | Lair:1   | Reached skill level 5 in Invocations
  8072 | Lair:1   | Noticed an eight-headed hydra
  8081 | Lair:1   | Killed an eight-headed hydra
  8081 | Lair:1   | Reached skill level 1 in Evocations
  8081 | Lair:1   | Reached XP level 10. HP: 88/88 MP: 13/13
  8152 | Lair:1   | Reached ***** piety under Uskayaw
  8227 | Lair:1   | Noticed a black mamba
  8236 | Lair:1   | Killed a black mamba
  8236 | Lair:1   | Reached skill level 11 in Axes
  8291 | Lair:1   | Noticed a black mamba
  8307 | Lair:1   | Killed a black mamba
  9700 | Lair:2   | Reached XP level 11. HP: 95/95 MP: 14/14
  9872 | Lair:2   | Reached skill level 12 in Axes
 10604 | Lair:3   | Found a staircase to the Snake Pit.
 11119 | Lair:3   | Noticed a five-headed hydra
 11127 | Lair:3   | Killed a six-headed hydra
 11485 | Lair:3   | Noticed a spriggan rider
 11497 | Lair:3   | Killed a spriggan rider
 12064 | Lair:3   | Reached skill level 13 in Axes
 12090 | Lair:3   | Noticed a spriggan rider
 12095 | Lair:3   | Killed a spriggan rider
 12103 | Lair:3   | Reached skill level 10 in Shields
 12210 | Lair:3   | Noticed a spriggan rider
 12238 | Lair:3   | Reached skill level 10 in Armour
 12254 | Lair:3   | HP: 1/99 [spiny frog[a boggart] (14)]
 12262 | Lair:3   | Slain by a spiny frog

Levels and vault maps discovered:
D:1:      scummos_arrival_simple_crosswalls, layout_basic
D:2:      layout_basic, gammafunk_temple_overflow_wave, first_ration
D:3:      layout_rooms, grunt_temple_overflow_gold_and_silver, tso_altar,
          kennysheep_slug_shrine, tgw_trog
D:4:      layout_rooms, lemuel_round_altar, ebering_ghost_sewer_d, uniq_natasha
D:5:      layout_gridville, patterned_corridor
D:6:      layout_loops_ring, basic_altar, minmay_fractal_squares_gapless_5,
          uniq_menkaure
D:7:      layout_loops_corners, nicolae_overflow_hidden_temple,
          minmay_temple_entry_from_below_b, xom_teletrap_fun, uniq_joseph
D:8:      layout_rooms, lemuel_round_altar, lair_entry_dummy, the_bakery
Lair:1:   layout_cave_pods, nicolae_quartered_pool_super, grunt_megastairs_1
Lair:2:   layout_hall_layers, beast_lair_carwin_11
Lair:3:   kb_forest_paths, layout_regular_city, dummy_snake_entry,
          hibernation_bobbens

Skill      XL: |  1  2  3  4  5  6  7  8  9 10 11 |
---------------+----------------------------------+-----
Axes           | 3 4 5 7 9 10 11 13 | 13.1
Fighting       | 4 5 6 8 9 |  9.9
Armour         | 4 5 6 8 9 10 | 10.0
Shields        | 4 5 6 8 9 10 | 10.0
Invocations    | 1 2 3 4 5 6 7 |  7.4
Evocations     | 1 2 4 |  4.5

Action                   |  1- 3 |  4- 6 |  7- 9 | 10-12 || total
-------------------------+-------+-------+-------+-------++-------
Melee: War axe           |   107 |   100 |   347 |   292 ||   846
       Headbutt          |    13 |    16 |    65 |    64 ||   158
       Hand axe          |       |       |       |    18 ||    18
Evoke: Wand              |       |       |     1 |     3 ||     4
  Use: Scroll            |       |       |    17 |     2 ||    19
       Potion            |       |       |       |     2 ||     2
 Stab: Paralysed         |       |     3 |    15 |    38 ||    56
  Eat: Chunk             |     3 |     4 |    12 |    14 ||    33
       Ration            |       |       |     1 |       ||     1
Armor: Scale mail        |    52 |    32 |    37 |       ||   121
       Plate armour      |       |       |   116 |   127 ||   243
Dodge: Dodged            |    37 |    33 |    76 |    45 ||   191
Block: Shield            |    57 |    65 |   163 |   208 ||   493
       Reflection        |       |       |       |     2 ||     2
